 Dungeon Crawl Stone Soup version 0.21.2 (webtiles) character file.

0 glosham the Skirmisher (level 1, -1/22 HPs)
             Began as a Troll Abyssal Knight on Dec 15, 2018.
             Was a Follower of Lugonu.
             Slain by a tentacled starspawn (23 damage)
             ... on level 2 of the Abyss.
             The game lasted 00:03:51 (138 turns).

glosham the Skirmisher (Troll Abyssal Knight)        Turns: 138, Time: 00:03:52

Health: -1/22      AC:  5    Str: 19    XL:     1   Next: 0%
Magic:  1/1        EV: 10    Int:  8    God:    Lugonu [*.....]
Gold:   31         SH:  0    Dex:  9    Spells: 0/0 levels left

rFire    . . .     SeeInvis .     - Unarmed
rCold    . . .     Gourm    +   (no shield)
rNeg     . . .     Faith    .   a - +0 robe
rPois    .         Spirit   .   (helmet restricted)
rElec    .         Reflect  .   (no cloak)
rCorr    .         Harm     .   (gloves unavailable)
MR       .....                  (boots unavailable)
Stlth    +.........             (no amulet)
HPRegen  0.47/turn              (no ring)
MPRegen  0.07/turn              (no ring)

@: no status effects
A: large, unfitting armour, claws 3, fast metabolism 3, gourmand, regeneration
1, shaggy fur 1, tough skin 2
a: Depart the Abyss, Renounce Religion


You were on level 2 of the Abyss.
You worshipped Lugonu.
Lugonu was aware of your devotion.
You were not hungry.

You visited 0 branches of the dungeon, and saw 0 of its levels.
You visited the Abyss 1 time.

You collected 31 gold pieces.

Inventory:

Armour
 a - a +0 robe (worn)
Scrolls
 e - a scroll of random uselessness {unknown}
Comestibles
 b - 2 rations


   Skills:
 - Level 2.4 Fighting
 - Level 1.9 Dodging
 * Level 2.0 Unarmed Combat
 - Level 1.5 Invocations


You couldn't memorise any spells.
You didn't know any spells.

Dungeon Overview and Level Annotations

Branches:
Dungeon (0/15)

Altars:


Innate Abilities, Weirdness & Mutations

You are too large for most types of armour.
You have claws for hands.
Your metabolism is lightning-fast.
You like to eat raw meat.
Your natural rate of healing is unusually fast.
You are covered in fur. (AC +1)
You have very tough skin. (AC +2)


Message History

Found a scroll labeled SYC WOEREH.
Found a leather armour.
You see here a scroll labeled CIEG LAOQES.
c - a scroll labeled CIEG LAOQES A tyrant leech comes into view.
Found a scroll labeled VINKULEN XIF and 2 stones.
Found a gateway leading deeper into the Abyss.
There is a gateway leading deeper into the Abyss here.
You see here a scroll labeled SYC WOEREH.
d - a scroll labeled SYC WOEREH
There is a gateway leading deeper into the Abyss here.
Found a scroll labeled KUOCIGROEMYO.
You see here a scroll labeled KUOCIGROEMYO.
e - a scroll labeled KUOCIGROEMYO
Found a ration.
Found 12 stones.
A large abomination comes into view.
Found a sharpened iron wand.
A chaos spawn comes into view.
The chaos spawn shouts in stereo!
The chaos spawn moves out of view.
Found a shiny plate armour.
Found a ration.
You are suddenly pulled into a different region of the Abyss!
As you read the scroll labeled CIEG LAOQES, it crumbles to dust.
You feel strangely unstable.
You feel the power of the Abyss delaying your translocation!
It was a scroll of teleportation.
As you read the scroll labeled SYC WOEREH, it crumbles to dust.
It is a scroll of amnesia.
You feel forgetful for a moment.
You are suddenly pulled into a different region of the Abyss!
A tentacled starspawn comes into view.
Tentacles burst from the starspawn's body! 2 starspawn tentacles come into view.
A tentacled starspawn comes into view.
The tentacled starspawn closely misses you.
The tentacled starspawn engulfs you!!
Ouch! That really hurt!
You die...

.# #... #..#
...## . ## #
##..## #. #..
#X #..X@## ..
. . #.#.#.# .
#.#. #. #.#.#
#..w .# ###
##.### #..#
.#. #...#.X..#
###. ###... #
#.....####...
##..# ####.##.
..#..#..##
#.... .
#....#.#
#.###....#...#
..


You could see a tentacled starspawn.

Vanquished Creatures (others)
  4 starspawn tentacles (Abyss:2)
4 creatures vanquished.

Notes
Turn   | Place    | Note
-------+----------+-------------------------------------------
     0 | Abyss:1  | glosham the Troll Abyssal Knight began the quest for the Orb.
     0 | Abyss:1  | Reached XP level 1. HP: 22/22 MP: 1/1
     5 | Abyss:2  | Found a corrupted altar of Lugonu.
    18 | Abyss:2  | Noticed a tyrant leech
    49 | Abyss:2  | Noticed a large abomination
    52 | Abyss:2  | Noticed a chaos spawn
   114 | Abyss:2  | Noticed a tentacled starspawn
   133 | Abyss:2  | Noticed a tentacled starspawn
   138 | Abyss:2  | Slain by a tentacled starspawn

Action                   || total
-------------------------++-------
  Use: Scroll            ||     2
Dodge: Dodged            ||     1

Table legend:
 A = Turns spent in this place as a percentage of turns spent in the entire game.
 B = Non-inter-level travel turns spent in this place as a percentage of non-inter-level travel turns spent in the entire game.
 C = Inter-level travel turns spent in this place as a percentage of turns spent in this place.
 D = Turns resting spent in this place as a percentage of non-inter-level travel turns spent in this place.
 E = Turns spent auto-exploring this place as a percentage of non-inter-level travel turns spent in this place.
 F = Non-inter-level travel turns spent in this place divided by the number of levels of this place that you've seen.
                   A       B       C       D       E      F
               +-------+-------+-------+-------+-------+----------------------
         Total | 100.0 | 100.0 |   0.0 |   0.0 |   0.0 |  69.0
         Abyss | 100.0 | 100.0 |   0.0 |   0.0 |   0.0 |  69.0
               +-------+-------+-------+-------+-------+----------------------

Vault maps used:
Abyss:2:  minivault_26, hangedman_stitches_earthworm
